 Dungeon Crawl Stone Soup version 0.29-a0-284-gf9362112df (webtiles) character file.

Game seed: 6413364768260817505

10 sammy202020 the Skirmisher (level 2, -4/24 HPs)
             Began as a Demonspawn Berserker on Mar 22, 2022.
             Was a Follower of Trog.
             Slain by a gnoll
             ... wielding a +0 whip
              (7 damage)
             ... on level 2 of the Dungeon.
             The game lasted 00:00:52 (879 turns).

sammy202020 the Skirmisher (Demonspawn Berserker)    Turns: 879, Time: 00:00:52

Health: -4/24      AC:  2    Str: 17    XL:     2   Next: 10%
Magic:  2/2        EV: 12    Int:  8    God:    Trog [*.....]
Gold:   101        SH:  0    Dex: 12    Spells: 1/1 levels left

rFire   . . .      SeeInvis .   a - +0 hand axe
rCold   . . .      Faith    .   f - orb {light}
rNeg    . . .      Spirit   .   b - +0 animal skin
rPois   .          Reflect  .   (helmet restricted)
rElec   .          Harm     .   (no cloak)
rCorr   .          Rampage  .   (no gloves)
Will    .....                   (no boots)
Stlth   +.........              (no amulet)
HPRegen 0.08/turn               (no ring)
MPRegen 0.08/turn               (no ring)

@: glowing
A: antennae 1
a: Renounce Religion, Berserk


You were on level 2 of the Dungeon.
You worshipped Trog.
Trog was aware of your devotion.
You visited 1 branch of the dungeon, and saw 2 of its levels.

You collected 101 gold pieces.

Inventory:

Hand Weapons
 a - a +0 hand axe (weapon)
 g - a +0 mace
 i - a +0 hand axe
Armour
 b - a +0 animal skin (worn)
 f - an orb of light (worn)
Scrolls
 d - a scroll of teleportation {unknown}
 e - 3 scrolls of identify {unknown}
 h - a scroll of vulnerability {unknown}
Potions
 c - 4 potions of curing {unknown}


   Skills:
 * Level 3.2 Fighting
 * Level 2.8 Axes
 * Level 2.0 Armour
 + Level 1.8 Dodging


You had one spell level left.
You didn't know any spells.
Your spell library was empty.

Dungeon Overview and Level Annotations

Branches:
Dungeon (2/15)

Altars:


Innate Abilities, Weirdness & Mutations

You have a pair of small antennae on your head.


Message History

The gnoll barely misses you.
A gnoll comes into view. It is wielding a +0 whip.
The gnoll shouts!
You slash the frilled lizard!
You kill the frilled lizard!
Trog accepts your kill.
You barely miss the gnoll. You barely miss the goblin.
The gnoll hits you with a +0 club. The goblin barely misses you.
You are too injured to fight recklessly!
You are too injured to fight recklessly!
You are too injured to fight recklessly!
Unknown command.
You hit the gnoll.
The gnoll is heavily wounded.
You barely miss the goblin. The goblin closely misses you.
An endoplasm comes into view.
You barely miss the gnoll. You barely miss the goblin.
The endoplasm quivers.
A rat comes into view.
The goblin barely misses you.
You slash the gnoll!
The gnoll is severely wounded.
You hit the goblin.
You kill the goblin!
Trog accepts your kill.
You barely miss the gnoll. The gnoll closely misses you.
You hit the gnoll.
The gnoll is almost dead.
You hit the gnoll. You hit the gnoll but do no damage.
The gnoll barely misses you. The gnoll hits you with a +0 whip.
The gnoll barely misses you.
You hit the gnoll.
You kill the gnoll!
Trog accepts your kill.
You hit the gnoll. You completely miss the gnoll.
The gnoll hits you with a +0 club. The gnoll barely misses you.
The gnoll hits you with a +0 club.
* * * LOW HITPOINT WARNING * * *
The gnoll hits you with a +0 whip!
You die...

#########
#.......#
#.......#
#.......#
#.......#
#.......#
#..g..<.#
#J.g@...#
...r...g.........
#########.#######
#.# ... ....
..... +......


You could see 3 gnolls, an endoplasm and a rat.

Vanquished Creatures
  A gnoll (D:2)
  An endoplasm (D:1)
  3 goblins
  A hobgoblin (D:1)
  A ball python (D:2)
  2 frilled lizards
  2 rats (D:1)
11 creatures vanquished.

Notes
Turn   | Place    | Note
-------+----------+-------------------------------------------
     0 | D:1      | sammy202020 the Demonspawn Berserker began the quest for
                  | the Orb.
     0 | D:1      | Reached XP level 1. HP: 18/18 MP: 1/1
   868 | D:2      | Gained mutation: You have a pair of small antennae on your
                  | head. [demonic ancestry]
   868 | D:2      | Reached XP level 2. HP: 24/24 MP: 2/2
   879 | D:2      | Slain by a gnoll

Illustrated notes

Levels and vault maps discovered:
D:1:      mushboom_english_gardens, layout_basic, chequers_avenue
D:2:      layout_basic, shapermc_ecumenical_altar_flowoftime,
          minmay_gold_behind_fungi, uniq_terence

Skill      XL: |  1 |
---------------+----+-----
Armour         | 2 |  2.0
Fighting       | |  3.2
Axes           | |  2.8
Dodging        | |  1.8

Action                   || total
-------------------------++-------
Melee: Hand axe          ||    28
Armor: Animal skin       ||     1
Dodge: Dodged            ||    20

Table legend: (Time is in decaauts)
 A = Elapsed time spent in this place.
 B = Non-inter-level travel time spent in this place.
 C = Inter-level travel time spent in this place.
 D = Time resting spent in this place.
 E = Time spent auto-exploring this place.
 F = Levels seen in this place.
 G = Mean time per level.
                   A        B        C        D        E       F      G
               +--------+--------+--------+--------+--------+-----+--------+
         Total |    883 |    872 |     11 |      0 |    761 |   2 |  441.5 |
       Dungeon |    883 |    872 |     11 |      0 |    761 |   2 |  441.5 |
               +--------+--------+--------+--------+--------+-----+--------+

Top non-repeatable levels by time:
     D:1: 866 daAuts
     D:2: 16 daAuts
